cohdb
Replays
Latest Replays
All Replays
Popular Replays
Top Player Replays
Match Explorer
How It Works
Community
CoH3 Stats
Reddit
Sign in to upload your games and track your stats! →
Sign in with Steam
Match 45898149
Unlisted
Match 45898149
Overview
Messages
Build Orders
End
Kettenkrad Recon Vehicle
Construct Infanterie Kompanie
MG 42 Machine Gun Team
Selects Terror Battlegroup
Selects Machine Gun Camouflage
MG 42 Machine Gun Team
Grenadier Squad
Grenadier Squad
Construct Luftwaffe Kompanie
221 Scout Car
Selects Interrogate
Jäger Squad
Flak 30 Anti-aircraft Gun Team
Medical Station
Support Elements
Marder III M Tank Destroyer
Selects No Quarter
Wirbelwind Flakpanzer
Pioneer Squad
Jäger Squad
Luftwaffe Officer Quarters
Ra11
YourMom'sPiesSoHotRightNow
WarBoss
Hurricane
0
0
Comments
sign in to comment!
No comments posted yet!